Map: Automaton LE

Players

Lambo - Winner!

  • Race: Zerg Zerg
  • League: Master
  • Spawn Location: 9:00

Rail

  • Race: Protoss Protoss
  • League: Grandmaster
  • Spawn Location: 3:00

VOD

Have the link to the VOD?

Description

Time

  • Played on: Dec. 8, 2018, 12:21 p.m.
  • Length: 17:45
Show
View Real Time Build Order
Export as new Build Order

Lambo Zerg - Winner!

Build Orders: Hatch First, Brood Lord Corruptor 

Get SALT Encoding   

  12  0:00  Drone  
  13  0:13  Overlord  
  13  0:17  Drone  
  14  0:31  Drone x2  
  16  0:49  Hatchery  
  15  0:52  Drone  
  15  0:56  Drone  
  17  1:00  Drone  
  18  1:10  Extractor  
  17  1:14  Spawning Pool  
  16  1:19  Drone  
  16  1:21  Drone  
  18  1:28  Drone  
  19  1:40  Drone  
  20  1:53  Overlord  
  20  2:01  Queen x2  
  20  2:02  Zergling x2  
  20  2:03  Zergling x2  
  26  2:11  Drone x2  
  26  2:14  Metabolic Boost  
  28  2:33  Hatchery  
  28  2:35  Drone  
  28  2:41  Drone x2  
  31  2:44  Drone  
  31  2:49  Drone  
  31  2:50  Overlord  
  32  2:59  Queen  
  32  3:03  Drone x2  
  36  3:12  Drone x2  
  38  3:14  Drone x2  
  38  3:15  Overlord  
  38  3:19  Drone  
  41  3:25  Drone x2  
  41  3:26  Drone  
  44  3:35  Queen  
  44  3:36  Drone x2  
  48  3:46  Drone  
  49  3:48  Spore Crawler, Drone  
  49  3:52  Overlord  
  49  3:55  Spore Crawler, Queen  
  50  4:06  Overlord  
  50  4:15  Drone x7  
  57  4:18  Overlord  
  57  4:19  Drone  
  57  4:22  Roach Warren  
  57  4:23  Drone, Overlord  
  58  4:25  Lair  
  58  4:28  Drone x2  
  60  4:32  Drone x2  
  60  4:36  Zergling x4  
  63  4:40  Zergling x2  
  63  4:42  Drone x2  
  66  4:47  Drone x5, Extractor  
  66  4:49  Drone x2, Extractor  
  71  4:55  Drone x4  
  71  4:58  Drone  
  76  5:06  Drone  
  77  5:09  Drone x2, Extractor  
  77  5:10  Extractor  
  77  5:11  Drone x3  
  77  5:12  Evolution Chamber, Extractor  
  78  5:15  Drone  
  78  5:17  Drone x2  
  78  5:20  Overlord  
  81  5:21  Overlord, Evolution Chamber  
  81  5:28  Drone  
  81  5:30  Overlord  
  81  5:31  Overseer, Hydralisk Den  
  81  5:34  Pneumatized Carapace  
  80  5:37  Drone  
  80  5:38  Zerg Missile Weapons Level 1  
  80  5:39  Drone x3  
  80  5:41  Hatchery  
  83  5:45  Zergling x4  
  83  5:47  Zerg Melee Weapons Level 1  
  85  5:50  Drone x4  
  85  5:51  Baneling Nest  
  88  5:58  Drone x6  
  94  6:06  Drone  
  90  6:11  Drone  
  90  6:14  Drone  
  90  6:15  Drone x6  
  90  6:17  Grooved Spines  
  97  6:18  Drone  
  97  6:22  Infestation Pit  
  97  6:25  Drone  
  97  6:26  Drone x3  
  101  6:33  Centrifical Hooks  
  101  6:34  Hydralisk x2  
  105  6:41  Overlord x2  
  105  6:49  Overlord x2  
  105  6:50  Overlord x2  
  105  6:56  Hydralisk x3  
  105  6:57  Extractor  
  105  6:58  Extractor  
  105  7:00  Hydralisk x5  
  119  7:04  Hydralisk x2  
  119  7:05  Roach  
  125  7:10  Hive  
  125  7:14  Spire  
  125  7:15  Drone  
  125  7:19  Drone  
  126  7:24  Queen  
  126  7:26  Hydralisk x2  
  126  7:27  Hydralisk x2  
  126  7:28  Muscular Augments, Zergling x2  
  137  7:30  Overlord  
  137  7:31  Overlord  
  137  7:32  Hatchery  
  137  7:34  Hydralisk x2  
  140  7:37  Hydralisk  
  140  7:44  Overlord x2  
  142  7:45  Hydralisk x3  
  142  7:48  Hydralisk x2  
  151  7:58  Hydralisk x3  
  151  8:00  Zergling x14  
  164  8:06  Zergling x10  
  164  8:09  Zerg Missile Weapons Level 2  
  164  8:10  Zerg Melee Weapons Level 2  
  169  8:14  Overlord  
  169  8:15  Overlord  
  169  8:19  Zergling x14  
  176  8:27  Adrenal Glands, Greater Spire  
  176  8:28  Zergling x2  
  176  8:29  Zergling x4  
  176  8:30  Overlord  
  176  8:31  Baneling x6, Ravager  
  180  8:35  Zergling x2  
  176  8:43  Baneling x10, Zergling x20  
  186  8:48  Overseer  
  186  8:50  Zergling x8  
  186  8:51  Baneling x5  
  190  9:00  Zergling x2  
  190  9:01  Zergling x12  
  197  9:04  Overlord  
  196  9:12  Zergling x8, Extractor  
  196  9:13  Extractor  
  198  9:25  Corruptor  
  198  9:27  Baneling x6  
  200  9:38  Spore Crawler  
  200  9:39  Spore Crawler x2  
  200  9:40  Spore Crawler x2  
  200  9:41  Spore Crawler, Corruptor x6  
  200  9:42  Spore Crawler  
  200  9:43  Spore Crawler  
  183  10:11  Corruptor  
  183  10:12  Brood Lord  
  183  10:13  Brood Lord x2  
  189  10:19  Brood Lord x4, Zergling x2  
  189  10:20  Zergling x8  
  197  10:24  Zergling x12  
  197  10:27  Zergling x16  
  192  10:32  Zergling x14  
  198  10:41  Baneling x17  
  184  10:46  Brood Lord  
  182  11:01  Corruptor x2, Hatchery  
  183  11:04  Zergling x18  
  183  11:08  Baneling x7  
  192  11:13  Baneling x4  
  181  11:25  Corruptor  
  181  11:30  Zergling x20  
  179  11:40  Brood Lord x2  
  179  11:43  Zergling x14  
  179  11:47  Baneling x8  
  188  11:54  Zergling x8  
  191  12:11  Overlord  
  191  12:16  Brood Lord  
  193  12:25  Overlord, Baneling x8  
  193  12:30  Zerg Flyer Weapons Level 1, Zerg Melee Weapons Level 3  
  192  12:43  Corruptor x2  
  192  12:44  Corruptor  
  192  12:48  Corruptor  
  192  12:51  Drone x5  
  197  12:52  Drone  
  195  13:01  Lurker Den  
  194  13:08  Hatchery, Zerg Missile Weapons Level 3  
  193  13:14  Brood Lord x2  
  196  13:28  Spine Crawler, Extractor  
  196  13:31  Spine Crawler  
  196  13:32  Spine Crawler  
  192  13:38  Brood Lord x2  
  192  13:41  Zergling x6  
  199  13:48  Zergling x2  
  185  13:57  Zergling x40  
  191  14:08  Zergling x34  
  187  14:13  Zergling x18  
  187  14:16  Baneling x4  
  186  14:24  Baneling x7  
  186  14:26  Zergling x2  
  178  14:32  Baneling x6  
  164  14:47  Hydralisk x4  
  172  14:56  Hydralisk x2  
  174  15:03  Baneling x5  
  170  15:13  Hydralisk x3  
  169  15:24  Hydralisk x5  
  179  15:30  Baneling  
  179  15:31  Drone, Baneling x4  
  179  15:47  Hydralisk x3  
  179  15:48  Hydralisk  
  184  15:51  Adaptive Talons  
  180  16:07  Corruptor x2  
  178  16:14  Lurker x2  
  178  16:15  Lurker x7  
  185  16:22  Lurker x2  
  185  16:23  Drone x2  
  185  16:24  Drone x2  
  185  16:25  Drone  
  190  16:30  Drone  
  192  16:33  Lurker  
  192  16:35  Drone x4  
  192  16:36  Extractor  
  192  16:39  Extractor  
  194  16:46  Brood Lord  
  196  16:48  Brood Lord  
  196  16:49  Baneling  
  196  17:06  Zergling x2  
  196  17:07  Zergling x6  
  198  17:18  Zergling x4  
Show
View Real Time Build Order
Export as new Build Order

Rail Protoss 

Build Orders: 1 Gate Expand, Oracle Opening, Phoenix Opening, Chargelot Immortal 

Get SALT Encoding   

  12  0:00  Probe  
  13  0:12  Probe  
  14  0:19  Pylon  
  14  0:24  Probe  
  15  0:33  Probe  
  15  0:40  Gateway  
  15  0:41  Probe  
  16  0:48  Assimilator  
  17  0:53  Probe  
  18  1:05  Probe  
  19  1:23  Nexus  
  19  1:33  Cybernetics Core  
  19  1:35  Probe  
  20  1:40  Assimilator  
  21  1:47  Probe  
  21  1:52  Pylon  
  21  1:57  Probe  
  21  2:01  Adept  
  22  2:05  Probe  
  22  2:15  Probe  
  25  2:22  Stargate  
  26  2:27  Probe  
  26  2:29  Adept  
  29  2:31  Probe  
  29  2:36  Warp Gate  
  30  2:40  Probe  
  30  2:41  Probe  
  32  2:51  Probe  
  32  2:52  Probe  
  32  2:58  Phoenix  
  34  3:03  Probe  
  34  3:04  Probe  
  38  3:13  Gateway  
  38  3:16  Probe x2  
  40  3:20  Oracle  
  43  3:28  Probe x2  
  43  3:33  Pylon  
  45  3:38  Assimilator  
  45  3:40  Probe  
  46  3:47  Shield Battery  
  46  3:48  Probe  
  46  3:51  Adept, Probe  
  50  3:56  Probe  
  51  4:03  Probe  
  51  4:06  Probe  
  53  4:12  Pylon  
  53  4:15  Nexus, Probe  
  54  4:19  Assimilator  
  54  4:30  Probe x2  
  56  4:33  Shield Battery  
  56  4:36  Robotics Facility  
  56  4:38  Robotics Facility  
  56  4:40  Pylon  
  56  4:42  Probe  
  56  4:45  Sentry x2  
  59  4:49  Probe  
  62  4:54  Twilight Council  
  62  4:58  Forge  
  62  5:02  Probe  
  62  5:03  Probe  
  62  5:05  Pylon  
  64  5:15  Probe  
  64  5:20  Probe  
  66  5:25  Probe  
  67  5:29  Probe  
  67  5:30  Immortal x2, Probe  
  67  5:32  Charge, Protoss Ground Weapons Level 1  
  77  5:35  Probe  
  77  5:37  Probe  
  77  5:38  Probe  
  77  5:42  Pylon  
  79  5:46  Templar Archives, Probe  
  79  5:47  Probe  
  82  5:53  Pylon  
  82  5:55  Probe  
  83  5:59  Probe  
  83  6:00  Immortal  
  84  6:04  Probe  
  84  6:07  Probe  
  84  6:08  Immortal  
  84  6:11  Probe  
  91  6:16  Probe  
  88  6:19  Probe  
  93  6:27  Photon Cannon, Assimilator, Sentry  
  93  6:28  Immortal, Pylon, Zealot  
  93  6:30  Assimilator  
  97  6:33  Gateway  
  97  6:35  Gateway  
  97  6:38  Psionic Storm  
  97  6:39  Immortal  
  105  6:54  Photon Cannon  
  105  6:57  Probe  
  105  6:58  Pylon  
  105  6:59  High Templar, Zealot  
  110  7:04  Gateway  
  110  7:09  Gateway  
  110  7:10  Pylon  
  110  7:14  Immortal  
  114  7:18  Protoss Ground Weapons Level 2  
  114  7:19  Pylon  
  114  7:23  High Templar  
  114  7:24  Immortal  
  120  7:32  Pylon  
  120  7:34  Zealot x2  
  120  7:36  Pylon  
  124  7:44  High Templar  
  126  7:51  Gateway  
  126  7:52  Gateway  
  126  7:55  Zealot x3  
  126  7:56  Pylon  
  136  7:58  Immortal  
  136  8:01  Blink, Zealot  
  138  8:08  Immortal  
  142  8:15  High Templar  
  142  8:18  High Templar  
  142  8:19  Zealot  
  148  8:20  Zealot x2  
  152  8:27  Pylon  
  152  8:33  Immortal  
  156  8:42  High Templar  
  156  8:43  High Templar, Zealot  
  156  8:46  Warp Prism, Pylon  
  162  8:48  Pylon  
  162  8:50  Photon Cannon  
  162  8:52  High Templar, Pylon, Zealot x3  
  170  8:57  Protoss Ground Weapons Level 3  
  170  8:59  Pylon  
  170  9:19  Immortal  
  170  9:21  Nexus  
  170  9:23  High Templar, Pylon  
  176  9:24  High Templar  
  176  9:30  Stalker  
  180  9:31  Archon  
  180  9:43  Stalker x3, Zealot  
  180  9:47  Shield Battery  
  180  9:49  Photon Cannon  
  180  9:52  Stalker  
  182  9:56  Stalker  
  182  9:57  Stalker  
  172  10:07  Archon  
  162  10:14  Zealot x2  
  162  10:15  Zealot x3  
  162  10:20  Zealot x3  
  159  10:35  Zealot x2  
  159  10:36  Zealot x3  
  163  10:45  Probe x2  
  163  10:47  Stalker x3, Pylon  
  169  10:51  Probe  
  162  11:02  Observer  
  162  11:03  Probe x2  
  163  11:07  High Templar x3  
  163  11:08  Stalker, High Templar  
  173  11:11  Stalker x2  
  173  11:12  Archon x2  
  173  11:13  Stalker  
  169  11:28  Stalker, High Templar  
  169  11:30  Protoss Shields Level 1  
  153  11:40  Stalker x2  
  153  11:41  Stalker x2  
  153  11:42  Stalker x2  
  165  11:59  Stalker x2  
  163  12:10  Stalker x4  
  163  12:11  Stalker x2  
  175  12:16  Gateway x2  
  175  12:25  Stalker x2  
  179  12:31  Stalker x3  
  179  12:34  Zealot  
  169  12:57  Stalker  
  169  12:58  Stalker x2  
  174  13:01  High Templar x4  
  174  13:02  Stalker  
  184  13:06  Archon x2  
  184  13:08  Nexus  
  184  13:09  Protoss Ground Armor Level 1  
  184  13:23  Nexus  
  184  13:24  Stalker x2  
  188  13:27  Pylon  
  188  13:40  Zealot x4  
  196  13:41  Zealot  
  186  13:59  Zealot x2  
  186  14:00  Zealot x2  
  186  14:01  Zealot x2  
  162  14:13  Zealot  
  162  14:14  Zealot  
  164  14:20  Zealot x2  
  164  14:23  High Templar x3  
  164  14:24  High Templar  
  156  14:34  Probe x2  
  156  14:35  Probe  
  141  14:55  High Templar x3  
  141  14:56  High Templar x3  
  141  14:57  Stalker  
  153  15:09  Stalker  
  143  15:21  Stalker  
  143  15:24  Stalker x2  
  143  15:28  Stalker x4  
  149  15:29  Stalker x2  
  159  15:37  Stalker  
  161  15:44  Archon  
  161  15:47  Stalker x3  
  161  15:55  Stalker x3  
  159  16:11  Stalker  
  149  16:21  Stalker x2  
  151  16:28  Stalker  
  151  16:29  Stalker x3  
  151  16:31  Assimilator  
  159  16:33  Assimilator  
  159  16:36  Stalker  
  161  16:42  Stalker x2  
  165  16:50  Stalker x2  
  161  17:09  Fleet Beacon  
  161  17:13  Stargate  
  125  17:34  Stalker x4  
Tags
 
Add a new tag
Caveats
  • Supply blocks, unpowered buildings, or Contaminate may cause inaccurate times.
  • Supply counts are checked every 10 seconds.